 Dungeon Crawl Stone Soup version 0.26-a0-146-g24f6d3962c (webtiles) character file.

Game seed: 2318413296139812492

70 Gargoyl the Skirmisher (level 4, -3/38 HPs)
             Began as a Centaur Abyssal Knight on June 29, 2020.
             Was a Follower of Lugonu.
             Slain by a worm (8 damage)
             ... on level 2 of the Dungeon.
             The game lasted 00:01:46 (1568 turns).

Gargoyl the Skirmisher (Centaur Abyssal Knight)     Turns: 1568, Time: 00:01:46

Health: -3/38      AC:  9    Str: 15    XL:     4   Next: 3%
Magic:  5/5        EV:  4    Int: 11    God:    Lugonu [*.....]
Gold:   52         SH:  0    Dex:  9    Spells: 3/3 levels left

rFire    . . .     SeeInvis .   a - +1 hand axe
rCold    . . .     Faith    .   (no shield)
rNeg     . . .     Spirit   .   m - +0 chain mail
rPois    .         Reflect  .   (no helmet)
rElec    .         Harm     .   (no cloak)
rCorr    .                      d - +1 pair of gloves
MR       .....                  (no barding)
Stlth    ..........             (no amulet)
HPRegen  0.12/turn              (no ring)
MPRegen  0.09/turn              (no ring)

@: lethally poisoned (-3 -> -6), very quick
A: large, hooves 3, deformed body, speed 2, tough skin 3
a: Depart the Abyss, Renounce Religion


You were on level 2 of the Dungeon.
You worshipped Lugonu.
Lugonu was aware of your devotion.
You were not hungry.

You visited 1 branch of the dungeon, and saw 2 of its levels.
You visited the Abyss 1 time.

You collected 52 gold pieces.

Inventory:

Hand Weapons
 a - a +1 hand axe (weapon)
Armour
 d - a +1 pair of gloves (worn)
 m - a +0 chain mail (worn)
Scrolls
 h - a scroll of identify
Potions
 b - a potion of degeneration {unknown}
 j - a potion of heal wounds
 l - 2 potions of ambrosia {unknown}
Comestibles
 c - 4 rations


   Skills:
 + Level 3.3 Fighting
 + Level 2.5 Axes
 * Level 2.0 Armour
 * Level 1.1 Dodging
 * Level 2.6 Invocations


You had 3 spell levels left.
You didn't know any spells.
Your spell library was empty.

Dungeon Overview and Level Annotations

Branches:
Dungeon (2/15)

Altars:
Fedhas
Kikubaaqudgha


Innate Abilities, Weirdness & Mutations

You have hooves in place of feet.
Armour fits poorly on your strangely shaped body.
You cover ground very quickly.
You have extremely tough skin. (AC +3)


Message History

The leopard gecko bites you but does no damage.
Your chain mail prevents you from hitting the leopard gecko.
You kick the leopard gecko.
You kill the leopard gecko!
Lugonu accepts your kill.
You feel sick. The worm bites you.
* * * LOW HITPOINT WARNING * * *
Your chain mail prevents you from hitting the worm.
You kick the worm.
The worm is lightly wounded.
You hit the dart slug. The dart slug bites you.
* * * LOW HITPOINT WARNING * * *
Unknown command.
You hit the worm.
The worm is moderately wounded.
You hit the dart slug but do no damage. The dart slug launches a dart at you.
The slug dart hits you but does no damage.
The worm bites you!
You die...

## ######### . ........##
.# .........## ##.
..........# .. ..........#
.# .....$....# ####.# ..
.........w######@...# .
.#)# .#
.........w.l..#ww####
.#.#.##.#
...###......#...## ...#....
.
##.........#########...#.#
#
##................#.#...#..
##...).....#####.#..[.....
#....#.##...# #..........
#....#.####.# ##...รท.....
#....#.# #.# ##........<


You could see a worm and a dart slug.

Vanquished Creatures
  4 adders (D:2)
  2 dart slugs (D:1)
  A leopard gecko (D:2)
  3 giant cockroaches
  4 goblins (D:1)
  4 hobgoblins (D:1)
  2 jackals (D:1)
  A ball python (D:2)
  A bat (D:1)
  A frilled lizard (D:1)
  3 kobolds (D:2)
  4 rats (D:1)
30 creatures vanquished.

Notes
Turn   | Place    | Note
-------+----------+-------------------------------------------
     0 | Abyss:1  | Gargoyl the Centaur Abyssal Knight began the quest for the
                  | Orb.
     0 | Abyss:1  | Reached XP level 1. HP: 19/19 MP: 2/2
    50 | Abyss:1  | Found a corrupted altar of Lugonu.
    95 | Abyss:1  | Noticed a starcursed mass
   123 | Abyss:1  | Noticed a chaos spawn
   128 | Abyss:1  | Noticed a fire bat
   130 | D:1      | Escaped the Abyss
   190 | D:1      | Reached * piety under Lugonu
   192 | D:1      | Reached XP level 2. HP: 11/26 MP: 3/3
   829 | D:1      | Reached skill level 1 in Dodging
  1191 | D:2      | Found an ancient bone altar of Kikubaaqudgha.
  1192 | D:2      | Found a blossoming altar of Fedhas.
  1232 | D:2      | Reached XP level 3. HP: 31/31 MP: 4/4
  1562 | D:2      | Reached XP level 4. HP: 9/38 MP: 5/5
  1568 | D:2      | Slain by a worm

Illustrated notes

Levels and vault maps discovered:
D:1:      scummos_arrival_hexagon, layout_loops_ring, hangedman_decor_points
D:2:      layout_rooms, grunt_temple_overflow_growth_and_decay,
          marbit_many_paths, uniq_terence, uniq_natasha

Skill      XL: |  1  2  3 |
---------------+----------+-----
Axes           | 2 |  2.5
Dodging        | 1 |  1.1
Armour         | 2 |  2.0
Fighting       | |  3.3
Invocations    | |  2.6

Action                   |  1- 3 |  4- 6 || total
-------------------------+-------+-------++-------
Melee: Hand axe          |    89 |     4 ||    93
       Kick              |     9 |     2 ||    11
Invok: Depart the Abyss  |     1 |       ||     1
  Use: Potion            |     2 |       ||     2
       Scroll            |     4 |       ||     4
  Eat: Chunk             |     1 |       ||     1
Armor: Leather armour    |    29 |       ||    29
       Chain mail        |    56 |     3 ||    59
Dodge: Dodged            |    61 |       ||    61

Table legend:
 A = Non-vault XP
 B = Vault XP
 C = Vault XP percentage of total XP
 D = Non-vault monster count
 E = Vault monster count
 F = Vault count percentage of total count
                 A         B        C        D         E       F
            +---------+---------+-------+---------+---------+-------
      Total |     100 |       0 |   0.0 |      30 |       0 |   0.0
            +---------+---------+-------+---------+---------+-------
        D:1 |      36 |       0 |   0.0 |      19 |       0 |   0.0
        D:2 |      64 |       0 |   0.0 |      11 |       0 |   0.0
            +---------+---------+-------+---------+---------+-------
